 Dungeon Crawl Stone Soup version 0.29.1-13-g9f3cf754e1 (webtiles) character file.

Game seed: 5449871504822682064

1673 HospitalGownGirl the Sneak (level 9, -2/64 HPs)
             Began as a Human Brigand on Feb 7, 2023.
             Was a Follower of Ru.
             Slain by a gargoyle
             ... wielding a +0 mace
             ... summoned by the darkness of Dithmenos
              (22 damage)
             ... on level 4 of the Dungeon.
             The game lasted 00:23:30 (3636 turns).

HospitalGownGirl the Sneak (Human Brigand)          Turns: 3636, Time: 00:23:31

Health: -2/64      AC:  5    Str: 12    XL:     9   Next: 21%
Magic:  22/22      EV:  8    Int: 15    God:    Ru [*.....]
Gold:   147        SH:  0    Dex: 15    Spells: 3/13 levels left

rFire   . . .      SeeInvis .   a - +3 dagger
rCold   . . .      Faith    .   (no shield)
rNeg    . . .      Spirit   .   g - +2 animal skin
rPois   .          Reflect  .   (no helmet)
rElec   .          Harm     .   c - +0 cloak
rCorr   .          Rampage  .   (no gloves)
Will    .....                   (no boots)
Stlth   +.........              j - amulet of regeneration
HPRegen 1.00/turn               f - ring of wizardry
MPRegen 0.18/turn               l - ring of magical power

@: confused
A: reduced EV 1
a: Renounce Religion


You were on level 4 of the Dungeon.
You worshipped Ru.
Ru was aware of your devotion.
You visited 2 branches of the dungeon, and saw 7 of its levels.

You collected 355 gold pieces.
You spent 208 gold pieces at shops.

Inventory:

Hand Weapons
 a - a +3 dagger (weapon)
Missiles
 e - 2 curare-tipped darts
 h - 8 boomerangs (quivered)
Armour
 b - a +0 robe
 c - a +0 cloak (worn)
 g - a +2 animal skin (worn)
Jewellery
 f - a ring of wizardry (left hand)
 j - an amulet of regeneration (around neck)
 l - a ring of magical power (right hand)
Wands
 r - a wand of mindburst (1)
 y - a wand of flame (9)
Scrolls
 i - a scroll of magic mapping
 p - a scroll of amnesia {unknown}
 q - a scroll of acquirement {unknown}
 s - a scroll of torment {unknown}
 u - a scroll of vulnerability {unknown}
Potions
 d - a potion of might {unknown}
 k - 2 potions of resistance
 m - a potion of haste {unknown}
 n - a potion of degeneration {unknown}
 o - a potion of mutation {unknown}
 t - a potion of magic
 v - a potion of lignification {unknown}
 w - a potion of curing
 x - a potion of heal wounds


   Skills:
 * Level 3.5 Fighting
 * Level 3.9 Short Blades
 * Level 3.8 Throwing
 * Level 2.6 Armour
 * Level 3.6 Dodging
 * Level 5.8 Stealth
 + Level 1.4 Unarmed Combat
 * Level 2.7 Spellcasting
 * Level 2.7 Necromancy
 * Level 2.5 Transmutations
 + Level 0.3 Fire Magic
 * Level 2.2 Poison Magic
 * Level 2.7 Invocations
 * Level 1.8 Evocations


You had 3 spell levels left.
You knew the following spells:

 Your Spells              Type           Power      Damage    Failure   Level
a - Spider Form           Tmut/Pois      9%         N/A       9%          3
b - Animate Dead          Necr           10%        N/A       26%         4
c - Ignite Poison         Fire/Tmut/Pois 7%         N/A       12%         3

Your spell library contained the following spells:

 Spells                   Type           Power      Damage    Failure   Level
 Conjure Flame            Conj/Fire      2%         6-21      24%         3
 Sticky Flame             Conj/Fire      2%         2d3       58%         4
 Yara's Violent Unravell  Hex/Tmut       2%         3d3       77%         5
 Dragon Form              Tmut           4%         N/A       100%        7
 Haunt                    Necr/Summ      3%         N/A       100%        7
 Infestation              Necr           5%         N/A       100%        8


Dungeon Overview and Level Annotations

Branches:
Dungeon (6/15)             Temple (1/1) D:6

Altars:
Ashenzari
Cheibriados
Dithmenos
Fedhas
Kikubaaqudgha
Okawaru
Qazlal
Ru
Trog
Vehumet
Wu Jian
Xom
Zin
The Shining One

Shops:
D:1 (   D:6 !

Annotations:
D:4 2 transporters, BeingJoeMalik's ghost, amateur NaHW


Innate Abilities, Weirdness & Mutations

You have somewhat slow reflexes. (EV -5)


Message History

Press: ? - help, Shift-Dir - straight line, f/p - Pikel
Aim: Pikel, wielding a +1 whip of electrocution and wearing a +0 robe (moderately wounded, chance to affect: 70%) Pikel's mind is blasted!!
The lemure hits you but does no damage. x2
The lemure hits you.
Pikel says, "You'll feel the lick of my whip!"
Pikel barely misses you.
Aiming: Mindburst
Press: ? - help, Shift-Dir - straight line, f/p - Pikel
Aim: Pikel, wielding a +1 whip of electrocution and wearing a +0 robe (severely wounded, chance to affect: 70%) Pikel's mind is blasted!!
You blow up Pikel!
With Pikel's spell broken, his former minions thank you for their freedom.
The lemure departs this earthly plane. x4
Your Poison Magic skill increases to level 2!
You have reached level 9!
Your experience leads to an increase in your attributes!
Increase (S)trength, (I)ntelligence, or (D)exterity?
You feel clever. x2
Things that are here:
a +1 whip of electrocution; a +0 robe
There is a stone staircase leading down here.
You see here a +0 mace.
Throw: 8 boomerangs
Press: ? - help, Q - select action, (/) - cycle Shift-Dir - straight line, f - goblin
Aim: a goblin, wielding a +0 dagger (53% to hit)
You throw a boomerang. The boomerang hits the goblin.
You kill the goblin!
Dithmenos weaves monsters from the shadows.
The divine experience confuses you!
You are confused.
Things that are here:
a +0 dagger; a scroll of enchant weapon; a goblin corpse Unknown command.
You are too confused!
Unknown command.
The centaur warrior wields a +0 shortbow.
The centaur warrior shoots an arrow.
The arrow closely misses you. The gargoyle attacks as you move away!
The gargoyle hits you with a +0 mace!!
The centaur warrior shoots an arrow.
The arrow hits you!! The gargoyle attacks as you move away!
The gargoyle hits you with a +0 mace!!
You die...

####).....##. ######
####..#... ##....###
####.....
##.......####........
##...........)........
#.....................
##..............#####..
##.....p.)........# #..
#......@9.........#
##..
........<..c......##
#...
..###..............#
#... ###
#..............# ##†#.
##............## #..##
##..........## ##.###
###.......## #..# #
######### #..###
##.##..


You could see a centaur warrior (summoned), a human (summoned) and a gargoyle
(summoned).

Vanquished Creatures
  Pikel (D:4)
  A shadow (D:6)
  2 ice beasts
  A black bear (D:5)
  A bullfrog (D:6)
  A gnoll sergeant (D:5)
  3 scorpions
  A howler monkey (D:6)
  A crimson imp (D:6)
  A hound (D:5)
  2 jellies (D:6)
  An orc priest (D:6)
  4 orc wizards
  Robin (D:4)
  8 gnolls
  8 adders
  A shadow imp (D:6)
  3 white imps
  A worm (D:2)
  8 dart slugs (D:5)
  12 orcs
  2 bats
  2 endoplasms (D:4)
  14 goblins
  4 hobgoblins
  5 kobolds
  2 quokkas
  A ball python (D:1)
  3 frilled lizards
  5 rats
100 creatures vanquished.

Vanquished Creatures (others)
  An orc wizard (D:6)
1 creature vanquished.

Grand Total: 101 creatures vanquished

Notes
Turn   | Place    | Note
-------+----------+-------------------------------------------
     0 | D:1      | HospitalGownGirl the Human Brigand began the quest for the
                  | Orb.
     0 | D:1      | Reached XP level 1. HP: 16/16 MP: 1/1
   144 | D:1      | Found Kuthyet's Antique Weapon Emporium.
   172 | D:1      | Found a faded altar of an unknown god.
   227 | D:1      | Prayed at the altar of an unknown god.
   227 | D:1      | Became a worshipper of Dithmenos the Shadowed
   227 | D:1      | Reached * piety under Dithmenos
   263 | D:1      | Reached XP level 2. HP: 22/22 MP: 2/2
   335 | D:2      | Reached XP level 3. HP: 24/27 MP: 3/3
   558 | D:3      | Got the Catalogue of Transformation
   593 | D:3      | Reached XP level 4. HP: 33/33 MP: 4/4
   663 | D:3      | Learned a level 3 spell: Spider Form
   851 | D:4      | Reached ** piety under Dithmenos
   880 | D:4      | Reached skill level 1 in Invocations
   996 | D:4      | Noticed a scorpion
  1004 | D:4      | Killed a scorpion
  1005 | D:4      | Reached skill level 1 in Spellcasting
  1005 | D:4      | Reached XP level 5. HP: 39/39 MP: 6/6
  1028 | D:5      | Entered Level 5 of the Dungeon
  1078 | D:4      | Found a transporter.
  1088 | D:4      | Noticed a centaur
  1099 | D:4      | Noticed BeingJoeMalik's ghost (amateur NaHW)
  1105 | D:4      | Found a transporter.
  1168 | D:4      | Noticed Robin
  1187 | D:4      | Killed Robin
  1188 | D:4      | Reached skill level 1 in Armour
  1253 | D:5      | Reached XP level 6. HP: 46/46 MP: 7/7
  1260 | D:5      | Reached skill level 5 in Stealth
  1283 | D:5      | Learned a level 4 spell: Animate Dead
  1297 | D:5      | Reached skill level 1 in Poison Magic
  1315 | D:6      | Noticed an ice beast
  1417 | D:6      | Reached skill level 1 in Transmutations
  1417 | D:6      | Reached XP level 7. HP: 41/51 MP: 6/8
  1517 | D:6      | Found a staircase to the Ecumenical Temple.
  1532 | Temple   | Entered the Ecumenical Temple
  1799 | Temple   | Fell from the grace of Dithmenos
  1799 | Temple   | Became a worshipper of Ru the Awakened
  1950 | D:6      | Reached skill level 1 in Unarmed Combat
  2045 | D:6      | Noticed a shadow demon
  2045 | D:6      | Noticed a shadow
  2045 | D:6      | Noticed a shadow demon
  2050 | D:6      | Killed a shadow
  2156 | D:6      | Reached skill level 1 in Necromancy
  2508 | D:6      | Found Uhupyru's Distillery.
  2524 | D:6      | Bought a potion of curing for 39 gold pieces
  2524 | D:6      | Bought a potion of heal wounds for 65 gold pieces
  2524 | D:6      | Bought a potion of heal wounds for 65 gold pieces
  2524 | D:6      | Bought a potion of curing for 39 gold pieces
  2666 | D:5      | Noticed a shadow demon
  2666 | D:5      | Noticed a shadow demon
  2666 | D:5      | Noticed a shadow demon
  2666 | D:5      | Noticed a shadow
  2677 | D:5      | Reached XP level 8. HP: 34/58 MP: 10/10
  2741 | D:5      | Learned a level 3 spell: Ignite Poison
  2816 | D:5      | Reached skill level 1 in Evocations
  3256 | D:5      | Gained mutation: You have somewhat slow reflexes. (EV -5)
                  | [Ru sacrifice]
  3256 | D:5      | Reached * piety under Ru
  3470 | D:4      | Noticed Pikel
  3481 | D:4      | Killed Pikel
  3482 | D:4      | Reached XP level 9. HP: 64/64 MP: 13/13
  3633 | D:4      | Noticed a gargoyle
  3633 | D:4      | Noticed a centaur warrior
  3636 | D:4      | Slain by a gargoyle

Illustrated notes

Levels and vault maps discovered:
D:1:      beargit_arrival_diablo_church, layout_basic, serial_shops,
          nicolae_shop_statue_plus, hellmonk_ecumenical_altar_blasted
D:2:      layout_rooms
D:3:      layout_loops_cross, lemuel_round_altar, minmay_shallow_snake_nest
D:4:      layout_cave_pods, gammafunk_ghost_arena, uniq_pikel, uniq_robin
D:5:      kennysheep_slugbush, layout_basic
D:6:      layout_loops_ring, minmay_temple_entry_hall, serial_shops,
          nicolae_lakefront_shop, minmay_fire_ice_demons
Temple:   minmay_temple_curvy_branch

Skill      XL: |  1  2  3  4  5  6  7  8 |
---------------+-------------------------+-----
Invocations    | 1 2 |  2.7
Spellcasting   | 1 2 |  2.7
Armour         | 1 2 |  2.6
Stealth        | 5 |  5.8
Dodging        | 2 3 |  3.6
Poison Magic   | 1 2 |  2.2
Throwing       | 3 |  3.8
Transmutations | 1 2 |  2.5
Short Blades   | 3 |  3.9
Unarmed Combat | 1 |  1.4
Necromancy     | 1 2 |  2.7
Fighting       | 3 |  3.5
Evocations     | 1 |  1.8
Fire Magic     | |  0.3

Action                   |  1- 3 |  4- 6 |  7- 9 || total
-------------------------+-------+-------+-------++-------
Melee: Dagger            |    54 |    64 |   161 ||   279
       Unarmed           |       |    27 |    36 ||    63
       Punch             |       |     2 |     2 ||     4
Throw: Dart              |    22 |     8 |       ||    30
       Boomerang         |       |    15 |    26 ||    41
 Cast: Spider Form       |       |     5 |    12 ||    17
       Ignite Poison     |       |       |     6 ||     6
Invok: Sacrifice Health  |       |       |     1 ||     1
Evoke: Wand              |       |       |    17 ||    17
  Use: Scroll            |     3 |     6 |     2 ||    11
       Potion            |     1 |     4 |     2 ||     7
 Stab: Sleeping          |     6 |     4 |     2 ||    12
Armor: Robe              |     6 |    13 |       ||    19
       Skin              |       |     3 |       ||     3
       Animal skin       |       |       |    53 ||    53
Dodge: Dodged            |    36 |   111 |   131 ||   278
